 Dungeon Crawl Stone Soup version 0.31-a0-1300-gb6740aa4e6 (webtiles) character file.

Game seed: 10222551209921876458

711 croobank the Chopper (level 7, -3/64 HPs)
             Began as a Hill Orc Monk on Dec 19, 2023.
             Slain by Pikel
             ... wielding a +1 whip of flaming
              (12 damage)
             ... on level 5 of the Dungeon.
             The game lasted 00:12:34 (4985 turns).

croobank the Chopper (Hill Orc Monk)                Turns: 4985, Time: 00:12:35

Health: -3/64      AC:  5    Str: 16    XL:     7   Next: 68%
Magic:  7/7        EV: 12    Int: 10    God:
Gold:   27         SH:  0    Dex: 11    Spells: 6/6 levels left

rFire   + . .        C - +4 hand axe of Raner {holy, rElec rC+ rCorr Dex-2}
rCold   + . .        d - orb {light}
rNeg    . . .        i - +1 leather armour {rF+}
rPois   +            (no helmet)
rElec   +            p - +0 cloak
rCorr   +            (no gloves)
SInv    .            (no boots)
Will    +....        (no amulet)
Stlth   +            n - ring of willpower
HPRegen 0.30/turn    m - ring of poison resistance
MPRegen 0.10/turn

%: no passive effects
@: hasted, glowing, very quick
A: no striking features
a: no special abilities


You were on level 5 of the Dungeon.
You visited 1 branch of the dungeon, and saw 5 of its levels.

You collected 211 gold pieces.
You spent 184 gold pieces at shops.

Inventory:

Hand Weapons
 a - a +0 hand axe
 h - a +1 dagger of venom
 j - a +5 short sword
 s - a +0 sling
 C - the +4 hand axe of Raner (weapon) {holy, rElec rC+ rCorr Dex-2}
   (You bought it in a shop on level 4 of the Dungeon)

   Dex-2:     It affects your dexterity (-2).
   rC+:       It protects you from cold.
   rElec:     It insulates you from electricity.
   rCorr:     It protects you from acid and corrosion.
Missiles
 q - 5 poisoned darts (quivered)
 B - 5 atropa-tipped darts
Armour
 d - an orb of light (worn)
 i - a +1 leather armour of fire resistance (worn)
 p - a +0 cloak (worn)
Magical Staves
 u - a staff of poison
Jewellery
 g - the ring "Metaloaf" {*Slow rPois rF+ rC- Will+++}
   (You found it on level 3 of the Dungeon)

   [ring of protection from fire]

   rF+:       It protects you from fire.
   rC-:       It makes you vulnerable to cold.
   rPois:     It protects you from poison Will+++: It greatly increases your
   willpower.
   *Slow:     It may slow you when you take damage.
 m - a ring of poison resistance (right hand)
 n - a ring of willpower (left hand)
 r - a ring of fire
 w - a ring of magical power
Talismans
 l - a flux talisman
Wands
 y - a wand of polymorph (8)
Scrolls
 e - a scroll of teleportation
 t - a scroll of fear
 x - a scroll of fog {unknown}
Potions
 b - a potion of attraction
 c - a potion of ambrosia
 k - 3 potions of magic
 o - a potion of resistance
 v - 2 potions of curing {unknown}
 z - a potion of brilliance {unknown}
 A - 2 potions of heal wounds {unknown}
 D - a potion of cancellation {unknown}


   Skills:
 + Level 6.8 Fighting
 + Level 7.3 Axes
 + Level 4.5 Dodging


You had 6 spell levels left.
You didn't know any spells.
Your spell library contained the following spells:

 Spells                   Type           Power      Damage    Failure   Level
 Magic Dart               Conj           0%         1d3       43%         1
 Slow                     Hex            0%         N/A       43%         1
 Searing Ray              Conj           0%         2d4       56%         2
 Confusing Touch          Hex            0%         N/A       80%         3
 Frozen Ramparts          Ice            0%         1d1       80%         3
 Sigil of Binding         Hex            0%         N/A       80%         3
 Vampiric Draining        Necr           0%         2d6       80%         3
 Fulminant Prism          Conj/Hex       0%         3d5       99%         4
 Leda's Liquefaction      Tmut/Erth      0%         N/A       99%         4
 Petrify                  Tmut/Erth      0%         N/A       99%         4
 Metabolic Englaciation   Hex/Ice        0%         N/A       100%        5


Dungeon Overview and Level Annotations

Branches:
Dungeon (5/15)
 Temple: D:4-7

Altars:
Kikubaaqudgha
Zin

Shops:
D:2 :   D:4 =(

Annotations:
D:5 Pikel


Message History

You slash Pikel!
Pikel is heavily wounded.
You barely miss Pikel.
Pikel is heavily wounded.
Pikel hits you with a +1 whip of flaming!
Pikel burns you.
You hit Pikel but do no damage.
Pikel is heavily wounded.
Pikel hits you with a +1 whip of flaming!
You hit Pikel.
Pikel is heavily wounded.
Pikel hits you with a +1 whip of flaming.
Pikel burns you.
You hit Pikel.
Pikel is severely wounded.
Pikel hits you with a +1 whip of flaming.
* * * LOW HITPOINT WARNING * * *
You barely miss Pikel.
Pikel is severely wounded.
Pikel hits you with a +1 whip of flaming.
* * * LOW HITPOINT WARNING * * *
Aiming: Polymorph
Press: ? - help, Shift-Dir - straight line, f - Pikel
Aim: Pikel, wielding a +1 whip of flaming and wearing a +0 robe (severely wounded, haloed, will become a basilisk, a human, or an acid dragon, chance to affect: 49%)
Okay, then.
You feel yourself speed up.
Pikel hits you with a +1 whip of flaming!
* * * LOW HITPOINT WARNING * * *
Pikel burns you.
* * * LOW HITPOINT WARNING * * *
You barely miss Pikel.
Pikel is severely wounded.
Pikel misses you.
You hit Pikel.
Pikel is severely wounded.
You closely miss Pikel.
Pikel is severely wounded.
Pikel hits you with a +1 whip of flaming!
You die...
Pikel says, "See you in Hell!"

## ## .. .##
#
#.####..#...#
#..<@K5......
#######......
....# ...#
..# .# #


You could see Pikel and a lemure.

Vanquished Creatures
  Grinder (D:3)
  A black bear (D:4)
  A lemure (D:5)
  An orc priest (D:4)
  A bullfrog skeleton (D:4)
  A bullfrog zombie (D:4)
  2 scorpion zombies (D:4)
  Natasha (twice) (D:3)
  4 hound zombies (D:4)
  A hound skeleton (D:4)
  A howler monkey zombie (D:4)
  2 adders
  A white imp (D:4)
  2 worms
  2 adder skeletons (D:4)
  An adder zombie (D:4)
  17 orcs
  3 ball pythons
  5 bats
  14 endoplasms
  A giant cockroach (D:4)
  3 goblins (D:4)
  4 hobgoblins
  8 jackals
  3 quokkas
  4 frilled lizards
  7 kobolds
  5 rats
98 creatures vanquished.

Notes
Turn   | Place    | Note
-------+----------+-------------------------------------------
     0 | D:1      | croobank the Hill Orc Monk began the quest for the Orb.
     0 | D:1      | Reached XP level 1. HP: 19/19 MP: 1/1
    52 | D:1      | You fall into a shaft and drop 1 floor!
   116 | D:2      | Reached XP level 2. HP: 23/27 MP: 2/2
   598 | D:1      | Reached XP level 3. HP: 32/33 MP: 3/3
  1263 | D:2      | Found Beur's Book Boutique.
  1275 | D:2      | Found a faded altar of an unknown god.
  1505 | D:3      | Noticed Grinder
  1701 | D:3      | Paralysed by Grinder for 3 turns
  2567 | D:3      | Reached XP level 4. HP: 41/41 MP: 4/4
  2677 | D:3      | Paralysed by Grinder for 5 turns
  2691 | D:3      | HP: 2/61 [Grinder (2)]
  2692 | D:3      | Killed Grinder
  2693 | D:3      | Reached skill level 5 in Fighting
  2693 | D:3      | Reached skill level 6 in Axes
  2693 | D:3      | Reached XP level 5. HP: 2/49 MP: 5/5
  2693 | D:3      | Reached XP level 6. HP: 3/56 MP: 6/6
  3081 | D:3      | Identified the ring "Metaloaf" {*Slow rPois rF+ rC-
                  | Will+++}
  3197 | D:3      | Noticed Natasha
  3207 | D:3      | Killed Natasha
  3315 | D:3      | Noticed Natasha
  3329 | D:3      | Killed Natasha
  3851 | D:4      | Found Xeises's Antique Weapon Emporium.
  3876 | D:4      | Found Ischup's Jewellery Shoppe.
  4110 | D:4      | Found an ancient bone altar of Kikubaaqudgha.
  4201 | D:4      | Reached XP level 7. HP: 63/63 MP: 7/7
  4232 | D:4      | Reached skill level 7 in Axes
  4526 | D:4      | Found a glowing silver altar of Zin.
  4763 | D:4      | Bought a jewelled hand axe for 184 gold pieces
  4763 | D:4      | Identified the +4 hand axe of Raner {holy, rElec rC+ rCorr
                  | Dex-2} (You bought it in a shop on level 4 of the Dungeon)
  4960 | D:5      | Entered Level 5 of the Dungeon
  4962 | D:5      | Noticed Pikel
  4985 | D:5      | Slain by Pikel

Illustrated notes

Levels and vault maps discovered:
D:1:      elethiomel_arrival_infinity_welcomes_careful_drivers, layout_basic
D:2:      layout_rooms, ebering_ecumenical_altar_petrified, serial_shops, shop,
          chequers_jeans
D:3:      layout_rooms, serial_corexii_hall, corexii_hall_statues_deadend,
          corexii_hall_statues_l, corexii_hall_statues_l,
          corexii_hall_statues_l, corexii_hall_statues_i,
          chequers_hall_statues_wall_a, uniq_grinder, uniq_natasha
D:4:      layout_loops_ring, mainiacjoe_overflow_24_doors,
          nicolae_overflow_crystal_walls, serial_undead, serial_undead_f,
          serial_undead_d, serial_undead_a, serial_undead_c, serial_undead_d,
          serial_undead_a, serial_shops, shop, nicolae_inconvenience_store,
          minmay_crossroads
D:5:      layout_rooms, mainiacjoe_overflow_cross_hatched, fiery_altar_vehumet,
          mainiacjoe_overflow_brackets, mainiacjoe_overflow_chevrons,
          minmay_temple_entry_mini_moons, item_on_display_a, uniq_pikel,
          uniq_crazy_yiuf_cottage

Skill      XL: |  1  2  3  4  5  6  7 |
---------------+----------------------+-----
Fighting       | 4 5 6 |  6.8
Dodging        | 3 4 |  4.5
Axes           | 6 7 |  7.3

Action                     |  1- 3 |  4- 6 |  7- 9 || total
---------------------------+-------+-------+-------++-------
  Melee: Hand axe          |    24 |       |    18 ||    42
         Short sword       |    61 |   124 |    69 ||   254
  Throw: Dart              |       |    11 |     2 ||    13
    Use: Scroll            |     5 |     2 |       ||     7
         Potion            |       |     2 |     1 ||     3
 Armour: Robe              |     9 |       |       ||     9
         Leather armour    |    50 |    66 |    62 ||   178
  Dodge: Dodged            |    50 |    58 |    61 ||   169

Table legend: (Time is in decaauts)
 A = Elapsed time spent in this place.
 B = Non-inter-level travel time spent in this place.
 C = Inter-level travel time spent in this place.
 D = Time resting spent in this place.
 E = Time spent auto-exploring this place.
 F = Levels seen in this place.
 G = Mean time per level.
                   A        B        C        D        E       F      G
               +--------+--------+--------+--------+--------+-----+--------+
         Total |   4992 |   4656 |    336 |   1469 |   2304 |   5 |  998.4 |
       Dungeon |   4992 |   4656 |    336 |   1469 |   2304 |   5 |  998.4 |
               +--------+--------+--------+--------+--------+-----+--------+

Top non-repeatable levels by time:
     D:4: 1338 daAuts
     D:2: 1314 daAuts
     D:3: 1290 daAuts
     D:1: 1026 daAuts
     D:5: 22 daAuts
